 Dungeon Crawl Stone Soup version 0.28-a0-1506-g3893175d92 (webtiles) character file.

Game seed: 13300990882170360255

1859 oldriver the Ducker (level 9, -1/69 HPs)
             Began as a Gnoll Gladiator on Jan 14, 2022.
             Was an Initiate of Gozag.
             Slain by a manticore (16 damage)
             ... on level 7 of the Dungeon.
             The game lasted 00:10:57 (9726 turns).

oldriver the Ducker (Gnoll Gladiator)               Turns: 9726, Time: 00:10:57

Health: -1/69      AC:  8    Str: 17    XL:     9   Next: 13%
Magic:  14/14      EV: 15    Int:  7    God:    Gozag
Gold:   321        SH:  0    Dex: 15    Spells: 15/15 levels left

rFire   . . .      SeeInvis +   j - +2 war axe (elec)
rCold   . . .      Faith    .   (no shield)
rNeg    . . .      Spirit   .   f - +3 leather armour
rPois   .          Reflect  .   l - +2 hat
rElec   .          Harm     .   (no cloak)
rCorr   .          Rampage  .   (no gloves)
Will    .....                   (no boots)
Stlth   ++........              (no amulet)
HPRegen 0.21/turn               u - ring of see invisible
MPRegen 0.14/turn               (no ring)

@: mighty, gold aura
A: fangs 1, strong nose, distributed training
a: Renounce Religion, Potion Petition, Call Merchant, Bribe Branch


You were on level 7 of the Dungeon.
You worshipped Gozag.
Gozag was aware of your devotion.
You visited 2 branches of the dungeon, and saw 8 of its levels.

You collected 745 gold pieces.
You spent 381 gold pieces at shops.
You paid 43 gold pieces to Gozag.

Inventory:

Hand Weapons
 j - a +2 war axe of electrocution (weapon)
 m - a +5 rapier of venom
Missiles
 b - 3 atropa-tipped darts
 c - 132 stones (quivered)
 d - 3 throwing nets
 h - 2 javelins
 o - 3 poisoned darts
Armour
 f - a +3 leather armour (worn)
 l - a +2 hat (worn)
Jewellery
 u - a ring of see invisible (left hand)
Wands
 a - a wand of polymorph (14)
Scrolls
 e - a scroll of teleportation
 g - a scroll of amnesia
 n - 6 scrolls of identify
 p - 3 scrolls of vulnerability
 r - 2 scrolls of immolation
 s - a scroll of enchant weapon
Potions
 i - a potion of flight
 k - 2 potions of attraction {unknown}
 q - a potion of heal wounds
 v - a potion of curing {unknown}


   Skills:
 + Level 6.1 Fighting
 + Level 3.9 Short Blades
 + Level 7.7 Long Blades
 + Level 3.9 Axes
 + Level 3.9 Maces & Flails
 + Level 3.9 Polearms
 + Level 3.9 Staves
 + Level 3.9 Slings
 + Level 3.9 Bows
 + Level 3.9 Crossbows
 + Level 6.1 Throwing
 + Level 3.9 Armour
 + Level 7.7 Dodging
 + Level 3.9 Stealth
 + Level 3.9 Shields
 + Level 3.9 Unarmed Combat
 + Level 3.9 Spellcasting
 + Level 3.2 Conjurations
 + Level 3.2 Hexes
 + Level 3.2 Summonings
 + Level 3.2 Necromancy
 + Level 3.2 Translocations
 + Level 3.2 Transmutations
 + Level 3.2 Fire Magic
 + Level 3.2 Ice Magic
 + Level 3.2 Air Magic
 + Level 3.2 Earth Magic
 + Level 3.2 Poison Magic
 + Level 4.3 Invocations
 + Level 3.9 Evocations


You had 15 spell levels left.
You didn't know any spells.
Your spell library contained the following spells:

 Spells                   Type           Power      Damage    Failure   Level
 Slow                     Hex            20%        N/A       10%         1
 Sublimation of Blood     Necr           5%         N/A       16%         2
 Confusing Touch          Hex            5%         N/A       30%         3
 Vampiric Draining        Necr           5%         2d6       30%         3
 Petrify                  Tmut/Erth      5%         N/A       69%         4
 Irradiate                Conj/Tmut      2%         3d14      95%         5


Dungeon Overview and Level Annotations

Branches:
Dungeon (7/15)             Temple (1/1) D:4

Altars:
Ashenzari
Cheibriados
Elyvilon
Fedhas
Gozag
Hepliaklqana
Kikubaaqudgha
Makhleb
Nemelex Xobeh
Okawaru
Ru
Sif Muna
Trog
Uskayaw
Vehumet
Wu Jian
Xom
Yredelemnul
The Shining One

Shops:
D:4 ![*(


Innate Abilities, Weirdness & Mutations

You have very sharp teeth.
Your uncanny sense of smell can sniff out nearby items.
Your experience applies equally to all skills.


Message History

The steam dragon completely misses you. The steam dragon closely misses you.
The steam dragon misses you. The steam dragon closely misses you.
You slash the steam dragon!
The steam dragon is severely wounded.
The steam dragon breathes steam at you. The ball of steam hits you!
You hear a loud, deep croak!
You closely miss the steam dragon.
You punch the steam dragon, but do no damage.
The steam dragon is severely wounded.
You are engulfed in a cloud of scalding steam.
The steam dragon bites you.
The steam dragon claws you but does no damage.
You slash the steam dragon!
You kill the steam dragon!
You are engulfed in a cloud of scalding steam.
A manticore comes into view.
The manticore flicks its tail.
The volley of spikes misses you.
The manticore flicks its tail.
The volley of spikes misses you.
You see here 17 gold pieces.
The manticore flicks its tail.
The volley of spikes misses you.
You start resting.
A manticore is nearby!
The manticore bites you! The manticore claws you! The manticore misses you.
You are too injured to fight recklessly!
You are too injured to fight recklessly!
You hit the manticore but do no damage.
Lightning courses through the manticore!
The manticore is moderately wounded.
The manticore closely misses you. The manticore claws you.
The manticore claws you! The manticore barely misses you.
The manticore misses you. The manticore claws you.
* * * LOW HITPOINT WARNING * * *
You feel very mighty all of a sudden. The manticore bites you!
You die...
Your body crumbles into a pile of gold.

#....# #....# #....#
#....# #....#
#....#######
#..........#
#####'######.#
#.@...#......#
######H#####.#.##.#
....>...$.......##.#
########..###...##.#
.........##.#
##.##.##..##.#
.H....#.....# ....
.#.##### .... #.#


You could see a manticore.

Vanquished Creatures
  A steam dragon (D:7)
  An orc warrior (D:5)
  An ogre (D:5)
  2 centaurs (D:6)
  A phantom (D:7)
  A kobold brigand (D:6)
  A wyvern skeleton (D:5)
  2 scorpions
  A water moccasin skeleton (D:6)
  8 wights
  A bullfrog zombie (D:6)
  4 jellies
  An orc priest (D:3)
  A centaur zombie (D:5)
  3 hounds
  A gnoll shaman (D:5)
  2 iguanas
  5 orc wizards
  A killer bee zombie (D:6)
  5 gnolls (D:5)
  4 adders
  2 worms
  2 dart slugs (D:2)
  15 orcs
  4 bats
  6 endoplasms
  3 giant cockroaches
  6 goblins
  5 hobgoblins
  5 jackals
  10 kobolds
  A quokka (D:5)
  4 ball pythons
  4 frilled lizards
  3 rats
  A butterfly (D:4)
118 creatures vanquished.

Vanquished Creatures (others)
  An orc (D:5)
  A fungus (D:5)
2 creatures vanquished.

Grand Total: 120 creatures vanquished

Notes
Turn   | Place    | Note
-------+----------+-------------------------------------------
     0 | D:1      | oldriver the Gnoll Gladiator began the quest for the Orb.
     0 | D:1      | Reached XP level 1. HP: 20/20 MP: 1/1
   269 | D:1      | Reached XP level 2. HP: 26/26 MP: 2/2
   520 | D:1      | You fall into a shaft and drop 1 floor!
   802 | D:1      | Reached XP level 3. HP: 31/31 MP: 3/3
  1353 | D:2      | Reached skill level 1 in Invocations
  1763 | D:2      | Found a faded altar of an unknown god.
  1928 | D:3      | Reached skill level 1 in Short Blades
  1928 | D:3      | Reached skill level 1 in Axes
  1928 | D:3      | Reached skill level 1 in Maces & Flails
  1928 | D:3      | Reached skill level 1 in Polearms
  1928 | D:3      | Reached skill level 1 in Staves
  1928 | D:3      | Reached skill level 1 in Slings
  1928 | D:3      | Reached skill level 1 in Bows
  1928 | D:3      | Reached skill level 1 in Crossbows
  1928 | D:3      | Reached skill level 1 in Armour
  1928 | D:3      | Reached skill level 1 in Stealth
  1928 | D:3      | Reached skill level 1 in Shields
  1928 | D:3      | Reached skill level 1 in Unarmed Combat
  1928 | D:3      | Reached skill level 1 in Spellcasting
  1928 | D:3      | Reached skill level 1 in Evocations
  1993 | D:3      | Reached XP level 4. HP: 28/38 MP: 5/5
  2444 | D:3      | Reached skill level 1 in Conjurations
  2444 | D:3      | Reached skill level 1 in Hexes
  2444 | D:3      | Reached skill level 1 in Summonings
  2444 | D:3      | Reached skill level 1 in Necromancy
  2444 | D:3      | Reached skill level 1 in Translocations
  2444 | D:3      | Reached skill level 1 in Transmutations
  2444 | D:3      | Reached skill level 1 in Fire Magic
  2444 | D:3      | Reached skill level 1 in Ice Magic
  2444 | D:3      | Reached skill level 1 in Air Magic
  2444 | D:3      | Reached skill level 1 in Earth Magic
  2444 | D:3      | Reached skill level 1 in Poison Magic
  2687 | D:3      | Found a sacrificial altar of Ru.
  2688 | D:3      | Found an iron altar of Okawaru.
  3086 | D:2      | HP: 1/38 [something/magic dart (8)]
  3096 | D:2      | Reached XP level 5. HP: 10/43 MP: 5/7
  3584 | D:4      | Found a staircase to the Ecumenical Temple.
  3591 | Temple   | Entered the Ecumenical Temple
  3642 | Temple   | Became a worshipper of Gozag Ym Sagoz the Greedy
  4414 | D:4      | Found Pazxoffa's General Store.
  4416 | D:4      | Found Owuyvuts's Distillery.
  4416 | D:4      | Found Passeq's Armour Emporium.
  4423 | D:4      | Found Bedi Rul's Antique Weapon Emporium.
  4586 | D:5      | Entered Level 5 of the Dungeon
  4617 | D:5      | Reached XP level 6. HP: 24/50 MP: 8/8
  4855 | D:5      | Reached skill level 5 in Fighting
  4855 | D:5      | Reached skill level 5 in Throwing
  5303 | D:5      | Found a shimmering altar of Xom.
  5314 | D:5      | Reached XP level 7. HP: 56/56 MP: 10/10
  6477 | D:4      | Bought a +5 rapier of venom for 381 gold pieces
  7364 | D:6      | Reached XP level 8. HP: 32/58 MP: 12/12
  7518 | D:6      | Found a broken altar of Ashenzari.
  9122 | D:6      | Found a sparkling altar of Nemelex Xobeh.
  9293 | D:6      | Found a glowing golden altar of the Shining One.
  9572 | D:7      | Reached XP level 9. HP: 69/69 MP: 14/14
  9715 | D:7      | Noticed a manticore
  9726 | D:7      | Slain by a manticore

Illustrated notes

Levels and vault maps discovered:
D:1:      mushboom_english_gardens, layout_basic
D:2:      layout_loops_ring, shapermc_ecumenical_altar_mp_vishouse,
          bh_walls_and_bars
D:3:      layout_loops_ring, gammafunk_temple_overflow_pools
D:4:      layout_cave_pods, minmay_temple_entry_butterflies, grunt_ministairs_1,
          minmay_shop_grid_forest, nicolae_figureground_sparkle
D:5:      layout_gridville, mainiacjoe_overflow_boulevard,
          corexii_item_surrounded_by_moat
D:6:      layout_loops_ring, mainiacjoe_overflow_alcove_2, tso_oasis_becter,
          nicolae_ashenzari_panopticon
D:7:      layout_basic, nicolae_qazlal_general_emergency
Temple:   cyrus_circular_temple

Skill      XL: |  1  2  3  4  5  6  7  8 |
---------------+-------------------------+-----
Invocations    | 1 2 3 4 |  4.3
Short Blades   | 1 2 3 |  3.9
Axes           | 1 2 3 |  3.9
Maces & Flails | 1 2 3 |  3.9
Polearms       | 1 2 3 |  3.9
Staves         | 1 2 3 |  3.9
Slings         | 1 2 3 |  3.9
Bows           | 1 2 3 |  3.9
Crossbows      | 1 2 3 |  3.9
Armour         | 1 2 3 |  3.9
Stealth        | 1 2 3 |  3.9
Shields        | 1 2 3 |  3.9
Unarmed Combat | 1 2 3 |  3.9
Spellcasting   | 1 2 3 |  3.9
Evocations     | 1 2 3 |  3.9
Conjurations   | 1 2 3 |  3.2
Hexes          | 1 2 3 |  3.2
Summonings     | 1 2 3 |  3.2
Necromancy     | 1 2 3 |  3.2
Translocations | 1 2 3 |  3.2
Transmutations | 1 2 3 |  3.2
Fire Magic     | 1 2 3 |  3.2
Ice Magic      | 1 2 3 |  3.2
Air Magic      | 1 2 3 |  3.2
Earth Magic    | 1 2 3 |  3.2
Poison Magic   | 1 2 3 |  3.2
Fighting       | 5 6 |  6.1
Throwing       | 5 6 |  6.1
Long Blades    | 7 |  7.7
Dodging        | 7 |  7.7

Action                   |  1- 3 |  4- 6 |  7- 9 || total
-------------------------+-------+-------+-------++-------
Melee: Long sword        |    94 |   153 |    50 ||   297
       Bite              |    12 |    19 |    13 ||    44
       Punch             |     1 |     4 |     8 ||    13
       Rapier            |       |       |    99 ||    99
       War axe           |       |       |    52 ||    52
Throw: Dart              |       |    12 |     6 ||    18
       Stone             |       |       |    27 ||    27
  Use: Potion            |       |     4 |     2 ||     6
       Scroll            |       |    12 |     3 ||    15
 Stab: Distracted        |       |     1 |     1 ||     2
       Sleeping          |       |       |     1 ||     1
Armor: Leather armour    |    26 |    49 |    69 ||   144
Dodge: Dodged            |    70 |   128 |   142 ||   340

Table legend: (Time is in decaauts)
 A = Elapsed time spent in this place.
 B = Non-inter-level travel time spent in this place.
 C = Inter-level travel time spent in this place.
 D = Time resting spent in this place.
 E = Time spent auto-exploring this place.
 F = Levels seen in this place.
 G = Mean time per level.
                   A        B        C        D        E       F      G
               +--------+--------+--------+--------+--------+-----+--------+
         Total |   9768 |   9149 |    619 |   2677 |   4942 |   8 | 1221.0 |
       Dungeon |   9702 |   9083 |    619 |   2677 |   4910 |   7 | 1386.0 |
        Temple |     66 |     66 |      0 |      0 |     32 |   1 |   66.0 |
               +--------+--------+--------+--------+--------+-----+--------+

Top non-repeatable levels by time:
     D:5: 2249 daAuts
     D:6: 2148 daAuts
     D:2: 1679 daAuts
     D:4: 1516 daAuts
     D:3: 1038 daAuts
     D:1: 895 daAuts
     D:7: 174 daAuts
  Temple: 66 daAuts
